 Dungeon Crawl Stone Soup version 0.22-b1-26-g9dbaab1 (webtiles) character file.

49 VLARC the Gusty (level 3, -2/16 HPs)
             Began as a Vine Stalker Air Elementalist on Aug 6, 2018.
             Was an Initiate of Gozag.
             Slain by an adder (3 damage)
             ... on level 3 of the Dungeon.
             The game lasted 00:03:56 (2445 turns).

VLARC the Gusty (Vine Stalker Air Elementalist)     Turns: 2445, Time: 00:03:57

Health: -2/16      AC:  2    Str: 10    XL:     3   Next: 77%
Magic:  0/8        EV: 12    Int: 16    God:    Gozag
Gold:   250        SH:  0    Dex: 14    Spells: 6/7 levels left

rFire    . . .     SeeInvis .   d - +0 short sword
rCold    . . .     Gourm    .   (no shield)
rNeg     . . .     Faith    .   a - +0 robe
rPois    .         Spirit   +   (no helmet)
rElec    .         Reflect  .   (no cloak)
rCorr    .         Harm     .   (no gloves)
MR       .....                  (no boots)
Stlth    ++........             (no amulet)
HPRegen  0.05/turn              (no ring)
MPRegen  0.11/turn              (no ring)

@: lethally poisoned (-2 -> -8)
A: fangs 2, magic shield, antimagic bite, no potion heal 3, rot immunity
a: Potion Petition, Call Merchant, Bribe Branch, Renounce Religion


You were on level 3 of the Dungeon.
You worshipped Gozag.
Gozag was aware of your devotion.
You were near starving.

You visited 1 branch of the dungeon, and saw 3 of its levels.

You collected 296 gold pieces.
You paid 46 gold pieces to Gozag.

Inventory:

Hand Weapons
 d - a +0 short sword (weapon)
Armour
 a - a +0 robe (worn)
Scrolls
 c - 2 scrolls of remove curse {unknown}
 f - a scroll of teleportation {unknown}
 g - 2 scrolls of identify {unknown}
 h - 2 scrolls of immolation {unknown}
 o - a scroll of fear {unknown}
Potions
 b - 3 potions of curing {unknown}
 e - 2 potions of degeneration {unknown}
 i - a potion of heal wounds {unknown}
Comestibles
 j - 3 rations


   Skills:
 - Level 1.5 Dodging
 - Level 2.4 Stealth
 + Level 2.9 Spellcasting
 + Level 2.1 Conjurations
 + Level 3.6 Air Magic


You had 6 spell levels left.
You knew the following spells:

 Your Spells              Type           Power        Failure   Level  Hunger
a - Shock                 Conj/Air       ##..         6%          1    #......

Your spell library contained the following spells:

 Spells                   Type           Power        Failure   Level  Hunger
 Lightning Bolt           Conj/Air       ##........   85%         5    ######.
 Swiftness                Chrm/Air       #.......     14%         2    ##.....
 Airstrike                Air            ##........   38%         4    #####..
 Static Discharge         Conj/Air       ##......     17%         3    ###....


Dungeon Overview and Level Annotations

Branches:
Dungeon (3/15)

Altars:
Gozag
Trog
Wu Jian


Innate Abilities, Weirdness & Mutations

You have extremely sharp teeth.
When hurt, damage is shared between your health and your magic reserves.
Your bite disrupts and absorbs the magic of your enemies.
Potions cannot restore your health.
You are immune to rotting.


Message History

You are lethally poisoned!
The adder poisons you!
You hit the adder.
The adder is almost dead.
The adder bites you.
You barely miss the adder. Your bite misses the adder.
The adder is almost dead.
* * * LOW HITPOINT WARNING * * *
You feel sick. The adder bites you.
* * * LOW HITPOINT WARNING * * *
The adder bites you.
* * * LOW HITPOINT WARNING * * *
An orc comes into view.
The orc shouts!
You hit the adder but do no damage.
The adder is almost dead.
* * * LOW HITPOINT WARNING * * *
You feel sick. The adder bites you.
You die...
Your body crumbles into a pile of gold.

#..... #......#...
#..#.###.#..#.#.. .
#....#.#.#....#.# ..
.#......#......#.##..
................... .
.#.............#.#####$.
........######..........
........................
####............@.......
#.###########S#......
#.# oo#...... #.# .$..
..... #. ...........
....#.#..... .....
.#..... ..o.!. ..


You could see an adder and 3 orcs.

Vanquished Creatures
  An adder (D:2)
  2 worms (D:2)
  A dart slug (D:2)
  A leopard gecko (D:1)
  A ball python (D:1)
  3 giant cockroaches
  3 hobgoblins (D:2)
  A quokka (D:2)
  3 bats
  2 frilled lizards (D:2)
  3 goblins
  9 kobolds
  5 rats
35 creatures vanquished.

Notes
Turn   | Place    | Note
-------+----------+-------------------------------------------
     0 | D:1      | VLARC the Vine Stalker Air Elementalist began the quest for the Orb.
     0 | D:1      | Reached XP level 1. HP: 9/9 MP: 4/4
   246 | D:1      | Reached XP level 2. HP: 13/13 MP: 1/6
   811 | D:2      | Found an opulent altar of Gozag.
   845 | D:2      | Noticed a moth of wrath
   865 | D:2      | Became a worshipper of Gozag Ym Sagoz the Greedy
   888 | D:2      | Found a bloodstained altar of Trog.
  1191 | D:2      | Reached XP level 3. HP: 16/16 MP: 2/7
  1493 | D:2      | Found an ornate altar of the Wu Jian Council.
  1601 | D:2      | Found a bloodstained altar of Trog.
  2445 | D:3      | Slain by an adder

Skill      XL: |  1  2  3 |
---------------+----------+-----
Conjurations   | 2 |  2.1
Dodging        | |  1.5
Stealth        | |  2.4
Spellcasting   | |  2.9
Air Magic      | |  3.6

Action                   || total
-------------------------++-------
Melee: Unarmed           ||    12
       Short sword       ||    70
       Bite              ||    13
 Cast: Shock             ||    36
 Stab: Sleeping          ||     3
  Eat: Ration            ||     1
Armor: Robe              ||    16
Dodge: Dodged            ||    77
